[Event "Titled Tuesday Blitz June 13 Early 2023"]
[White "Horak, Martin"]
[Black "Nikologorsky, Matfei"]
[WhiteFideId "367095"]
[BlackFideId "24102474"]
[WhiteElo "2091"]
[BlackElo "2153"]
[Result "1-0"]
[Round "6"]
[TimeControl "180+2"]
[Date "2023.06.13"]
[WhiteClock "0:00:06"]
[BlackClock "0:00:19"]
[Board "134"]

1. e4 c5 2. Nf3 e6 3. d4 cxd4 4. Nxd4 a6 5. Nc3 Qc7 6. Bd3 Nc6 7. Nb3 Nf6 8. Qe2 b5 9. Bd2 Bb7 10. O-O d6 11. f4 Be7 12. Rae1 Nd7 13. Qg4 O-O 14. f5 Nce5 15. Qh3 exf5 16. Rxf5 Rae8 17. Ref1 g6 18. R5f2 Bf6 19. Rxf6 Nxf6 20. Rxf6 Re7 21. Nd4 Nxd3 22. cxd3 b4 23. Nce2 Qc5 24. Be3 Qe5 25. Rf1 Rfe8 26. Qg4 d5 27. Nf5 dxe4 28. Nxe7+ Rxe7 29. dxe4 Qxe4 30. Qxe4 Bxe4 31. Ng3 Bxg2 32. Re1 Bd5 33. Kf2 Bxa2 34. Bc5 Rb7 35. Re4 a5 36. Re8+ Kg7 37. Ne4 f5 38. Nd6 Rc7 39. Rc8 Rxc8 40. Nxc8 Kf6 41. Na7 Ke6 42. Bb6 a4 43. Bc5 b3 44. Ba3 Kd5 45. Nb5 Kc4 46. Nc3 g5 47. Ne2 Bb1 48. Ng3 Bd3 49. Nh5 f4 50. Nf6 Bc2 51. Nd7 Kd5 52. Nb6+ Ke4 53. Nxa4 g4 54. Nc3+ Kf5 55. Ne2 h5 56. Bd6 f3 57. Ng3+ Kg6 58. Be7 Bb1 59. Bh4 Bc2 60. Nf1 Kf5 61. Ne3+ Ke4 62. Nf1 Kd4 63. Ne3 Bg6 64. Bf6+ Kd3 65. Bc3 Ke4 66. Nf1 h4 67. Ba5 Kf4 68. Bc7+ Kg5 69. Be5 Bf5 70. Bc7 Be4 71. Ne3 Kh5 72. Bd6 Bd3 73. Nd1 Bc2 74. Nc3 Kg5 75. Ne4+ Kf5 76. Nc3 h3 77. Bg3 Ke6 78. Nb5 Kd5 79. Nc7+ Kc6 80. Ne8 Kb5 81. Nf6 Bf5 82. Be5 Kc4 83. Kg3 Kd3 84. Kf2 Kc2 85. Nh5 Kd3 86. Ng3 Bg6 87. Bh8 Kc2 88. Bg7 Kd3 89. Nf1 Kc2 90. Ne3+ Kd3 91. Nxg4 Be4 92. Ne3 Bd5 93. Nf1 Be4 94. Ng3 Bc6 95. Nh5 Ke4 96. Bf6 Kf5 97. Bc3 Kg4 98. Nf6+ Kf5 99. Nh5 Kg4 100. Ng3 Bd5 101. Nf1 Bc6 102. Nd2 Kf4 103. Nxb3 Ke4 104. Nd2+ Kd3 105. Nxf3 Kc4 106. Ng5 Bd7 107. Kg3 Kb3 108. Nxh3 Kc4 109. Nf4 Kc5 110. h4 Bf5 111. h5 Kd6 112. Kh4 Ke7 113. Kg5 Bc2 114. Ng6+ Kf7 115. Nh4 Kg8 116. b4 Bd3 117. Nf3 Kh7 118. Ne5 Bb5 119. Nf7 Be8 120. Nd6 Bc6 121. b5 Bd5 122. b6 Kg8 123. b7 Bxb7 124. Nxb7 Kh7 125. Be1 Kg8 126. h6 Kh7 127. Kh5 Kg8 128. Kg6 Kh8 129. Bc3+ Kg8 130. h7+ Kf8 131. h8=Q+ Ke7 132. Qe5+ Kd7 133. Qd6+ Kc8 134. Qe6+ Kc7 135. Qe7+ Kb6 136. Nd6 Kc6 137. Nf5 Kd5 138. Nh4 Kc4 139. Be1 Kd3 140. Bg3 Kc4 141. Kf6 Kd5 142. Qe6+ Kd4 143. Kf5 Kd3 144. Kf4 Kd4 145. Qd7+ Kc3 146. Ke4 Kb4 147. Qc6 Kb3 148. Kd4 Kb2 149. Kd3 Ka1 150. Qb7 Ka2 151. Kc3 Ka1 152. Qb2# 1-0


[Site "https://www.chess.com"]

[Event "Titled Tuesday Blitz June 13 Early 2023"]
[White "Koridze, Lile"]
[Black "Chernomordik, Pavel"]
[WhiteFideId "13612514"]
[BlackFideId "2804530"]
[WhiteElo "2047"]
[BlackElo "2193"]
[Result "0-1"]
[Round "6"]
[TimeControl "180+2"]
[Date "2023.06.13"]
[WhiteClock "0:01:18"]
[BlackClock "0:01:09"]
[Board "135"]

1. d4 g6 2. c4 Bg7 3. Nc3 d6 4. e4 c6 5. Nf3 a6 6. Be2 Nf6 7. O-O O-O 8. h3 b5 9. cxb5 axb5 10. Be3 b4 11. Na4 Nxe4 12. d5 c5 13. Rc1 Ba6 14. b3 Nd7 15. Bxa6 Rxa6 16. Qd3 Rxa4 17. bxa4 Nc3 18. Rc2 Nxa4 19. Nd2 Ne5 20. Qe2 Nc3 21. Qa6 Qa8 22. Qxa8 Rxa8 23. Nb1 Nxd5 24. Bxc5 dxc5 25. Rxc5 e6 26. Rb5 Bf6 27. Rc1 Rxa2 28. Rc8+ Kg7 29. f4 Nxf4 30. Rxb4 Nxg2 31. Nc3 Rc2 32. Rbb8 Nf4 33. Ne4 Nxh3+ 34. Kf1 Rxc8 35. Rxc8 Nf4 36. Nd6 Be7 37. Ne8+ Kh6 38. Rc7 Nd5 39. Ra7 Kg5 40. Ra5 Kf5 41. Ng7+ Ke4 42. Ra7 h5 43. Ne8 h4 44. Kg2 g5 45. Ra4+ Kf5 46. Ng7+ Kg6 47. Ne8 g4 48. Ra7 Nf4+ 49. Kg1 Bc5+ 0-1


[Site "https://www.chess.com"]

[Event "Titled Tuesday Blitz June 13 Early 2023"]
[White "Musovic, Armin"]
[Black "Herzog2012"]
[WhiteFideId "939935"]
[WhiteElo "2322"]
[BlackElo "2393"]
[Result "0-1"]
[Round "6"]
[TimeControl "180+2"]
[Date "2023.06.13"]
[WhiteClock "0:00:15"]
[BlackClock "0:00:03"]
[Board "136"]

1. e4 c5 2. c3 Nf6 3. e5 Nd5 4. d4 cxd4 5. Nf3 Nc6 6. Bc4 Nb6 7. Bb3 d5 8. exd6 Qxd6 9. O-O Be6 10. Na3 Bxb3 11. axb3 a6 12. Re1 e6 13. Ng5 Be7 14. Qf3 O-O 15. Ne4 Qd5 16. c4 Qf5 17. Qd1 Rfd8 18. Ng3 Qg6 19. Bf4 d3 20. Bc7 Nd7 21. Bxd8 Rxd8 22. Re4 Nf6 23. Rh4 Bc5 24. Nb1 Qg5 25. Rh3 Bxf2+ 26. Kh1 Bxg3 27. Rxg3 Ne4 28. Rxg5 Nf2+ 29. Kg1 Nxd1 30. Nc3 Nxb2 31. Nd1 Nxd1 32. Rxd1 e5 33. g4 g6 34. b4 f6 35. b5 fxg5 36. bxc6 bxc6 37. Kf2 e4 38. Ke3 d2 39. Ke2 e3 40. c5 a5 41. h4 gxh4 42. g5 h3 43. Kxe3 a4 44. Rf1 d1=Q 45. Rf8+ 0-1


[Site "https://www.chess.com"]

[Event "Titled Tuesday Blitz June 13 Early 2023"]
[White "Begunov, Konstantin"]
[Black "Ai, Evan"]
[WhiteFideId "4118510"]
[BlackFideId "2094770"]
[WhiteElo "1993"]
[BlackElo "1963"]
[Result "1-0"]
[Round "6"]
[TimeControl "180+2"]
[Date "2023.06.13"]
[WhiteClock "0:00:21"]
[BlackClock "0:00:03"]
[Board "137"]

1. d4 Nf6 2. c4 e6 3. Nf3 b6 4. g3 Bb7 5. Bg2 Be7 6. Nc3 O-O 7. Qc2 d5 8. cxd5 Nxd5 9. O-O Nxc3 10. bxc3 Nd7 11. Ng5 Bxg5 12. Bxb7 Rb8 13. Bc6 Bxc1 14. Rfxc1 Nf6 15. Bf3 Qe7 16. e4 c5 17. a4 Rfc8 18. Qb2 e5 19. Re1 Nd7 20. a5 b5 21. Bg4 cxd4 22. cxd4 Rc4 23. Bxd7 Qxd7 24. dxe5 Qc6 25. Qe2 b4 26. Rab1 b3 27. Red1 g6 28. Rd6 Qb5 29. Qd3 Qxe5 30. Qxc4 Qxd6 31. Kg2 Qe6 32. Qxe6 fxe6 33. Rb2 Kf7 34. Kf3 Kf6 35. Ke3 Ke5 36. f4+ Kd6 37. Kd4 Rb4+ 38. Kd3 e5 39. f5 gxf5 40. exf5 Ke7 41. Kc3 Rb5 42. Rxb3 Rxb3+ 43. Kxb3 Kf6 44. g4 h5 45. h3 Kg5 46. Kc2 h4 47. Kd3 Kf4 48. f6 Kg3 49. f7 Kxh3 50. f8=Q Kxg4 51. Ke3 h3 52. Qf3+ Kh4 53. Ke4 h2 54. Qg2 h1=Q 55. Qxh1+ Kg3 56. Qf3+ Kh4 57. Qg2 a6 58. Kf5 1-0


[Site "https://www.chess.com"]

[Event "Titled Tuesday Blitz June 13 Early 2023"]
[White "Cruz Mendez, Jean Marco"]
[Black "Tarasova, Viktoriya"]
[WhiteFideId "3526402"]
[BlackFideId "4175840"]
[WhiteElo "2064"]
[BlackElo "2182"]
[Result "1-0"]
[Round "6"]
[TimeControl "180+2"]
[Date "2023.06.13"]
[WhiteClock "0:02:43"]
[BlackClock "0:02:35"]
[Board "138"]

1. e4 e5 2. Nf3 Nc6 3. Bc4 Bc5 4. c3 Nf6 5. d4 d6 6. dxc5 dxc5 7. Qxd8+ Kxd8 8. Bg5 Ke7 9. Nbd2 h6 10. Bxf6+ Kxf6 11. O-O-O Be6 12. Bxe6 Kxe6 13. Nc4 b5 14. Ne3 a5 15. Nd5 Rhc8 16. g4 a4 17. g5 h5 18. g6 f6 19. Nh4 a3 20. b3 1-0


[Site "https://www.chess.com"]

[Event "Titled Tuesday Blitz June 13 Early 2023"]
[White "Tokman, Ariel"]
[Black "De La Villa Garcia, Jesus Maria"]
[WhiteFideId "117420"]
[BlackFideId "2200040"]
[WhiteElo "2263"]
[BlackElo "2382"]
[Result "0-1"]
[Round "6"]
[TimeControl "180+2"]
[Date "2023.06.13"]
[WhiteClock "0:00:00"]
[BlackClock "0:00:07"]
[Board "139"]

1. e4 c6 2. Nc3 d5 3. Nf3 dxe4 4. Nxe4 Nf6 5. Nxf6+ exf6 6. d3 Bd6 7. Be2 O-O 8. O-O Re8 9. Nd2 Nd7 10. Nc4 Bc7 11. Be3 Nf8 12. Qd2 Be6 13. Rfe1 Ng6 14. a4 Qd7 15. Bf1 Rad8 16. Qb4 Bb8 17. a5 h5 18. g3 h4 19. Qc5 Bd5 20. Bd2 hxg3 21. fxg3 Ne5 22. Nxe5 Bxe5 23. Bc3 Bd6 24. Qf2 a6 25. Rxe8+ Rxe8 26. Re1 Rxe1 27. Qxe1 Bc5+ 28. d4 Bd6 29. Bg2 Be6 30. Qe2 Qe7 31. Bd2 Bb4 32. Qe1 Bd6 33. c3 c5 34. Be3 Qc7 35. dxc5 Bxc5 36. b4 Bd6 37. Bd4 Qc4 38. Qe4 Qb3 39. Bf3 Qb2 40. Qe2 Qa1+ 0-1


[Site "https://www.chess.com"]

[Event "Titled Tuesday Blitz June 13 Early 2023"]
[White "Goldin, Roman"]
[Black "Santos Flores, Alberto"]
[WhiteFideId "2803860"]
[BlackFideId "3601234"]
[WhiteElo "2312"]
[BlackElo "2235"]
[Result "1-0"]
[Round "6"]
[TimeControl "180+2"]
[Date "2023.06.13"]
[WhiteClock "0:00:05"]
[BlackClock "0:00:00"]
[Board "140"]

1. e4 c5 2. Nf3 Nc6 3. c3 Nf6 4. d3 e6 5. g3 d5 6. Nbd2 Be7 7. Bg2 O-O 8. O-O b5 9. Re1 a5 10. exd5 exd5 11. Nf1 b4 12. Ne3 a4 13. d4 a3 14. c4 dxc4 15. Nxc4 Be6 16. Nce5 Nxe5 17. Nxe5 axb2 18. Bxb2 Rc8 19. Nc6 Rxc6 20. Bxc6 c4 21. d5 Bf5 22. Be5 Bc5 23. Bd4 Qb6 24. Bxf6 Bxf2+ 25. Kg2 Bxe1 26. Bd4 Be4+ 27. Kg1 Qd8 28. Qxe1 Bxd5 29. Qe5 Qf6 30. Qxd5 Qe6 31. Qxe6 fxe6 32. Be4 Rd8 33. Be3 c3 34. Rc1 Ra8 35. Bxa8 1-0


[Site "https://www.chess.com"]

[Event "Titled Tuesday Blitz June 13 Early 2023"]
[White "Goswami, Vedant"]
[Black "Gomes, Luiz Alexandre de Souza"]
[WhiteFideId "5003725"]
[BlackFideId "2102790"]
[WhiteElo "2011"]
[BlackElo "2504"]
[Result "0-1"]
[Round "6"]
[TimeControl "180+2"]
[Date "2023.06.13"]
[WhiteClock "0:00:00"]
[BlackClock "0:00:19"]
[Board "141"]

1. c4 e6 2. Nc3 d5 3. d4 Nf6 4. g3 Be7 5. Bg2 c6 6. Nf3 Nbd7 7. O-O dxc4 8. e4 O-O 9. Qe2 Nb6 10. Bf4 Bd7 11. Ne5 Be8 12. Rfd1 h6 13. Rac1 Bd6 14. Be3 Qc7 15. f4 Rd8 16. g4 Be7 17. h4 Nfd7 18. g5 Nxe5 19. dxe5 hxg5 20. hxg5 Bd7 21. Qh5 g6 22. Qh6 Rfe8 23. Kf2 Bf8 24. Qh4 Bg7 25. Rh1 Nc8 26. Qh7+ Kf8 27. Bc5+ Ne7 28. Rh4 Qa5 29. Bd6 Qb6+ 30. Kg3 Qe3+ 31. Bf3 Qxc1 32. Ne2 Qe1+ 33. Kg2 Bc8 34. Ng3 Rxd6 35. exd6 Qd2+ 36. Kh3 Qxd6 37. e5 Qd3 38. Kg4 Nf5 39. Ne4 Qf1 40. Rh2 Rd8 41. Nf6 Ne3+ 42. Kg3 Qe1+ 43. Rf2 Qg1+ 44. Bg2 Nf5+ 45. Kf3 Rd3+ 46. Ke4 Qe1+ 0-1


[Site "https://www.chess.com"]

[Event "Titled Tuesday Blitz June 13 Early 2023"]
[White "Bilan, Danila"]
[Black "Xie, Bryan"]
[WhiteFideId "24161918"]
[BlackFideId "30941296"]
[WhiteElo "2146"]
[BlackElo "2033"]
[Result "0-1"]
[Round "6"]
[TimeControl "180+2"]
[Date "2023.06.13"]
[WhiteClock "0:00:00"]
[BlackClock "0:01:03"]
[Board "142"]

1. d4 Nf6 2. Nf3 e6 3. g3 b6 4. Bg2 Bb7 5. O-O Be7 6. c4 O-O 7. d5 exd5 8. Nh4 c6 9. cxd5 Nxd5 10. Nf5 Nc7 11. e4 d5 12. Nc3 Bf6 13. Bf4 d4 14. e5 dxc3 15. exf6 Qxf6 16. Qg4 cxb2 17. Rae1 Ne6 18. Be5 Qg5 19. Qxg5 Nxg5 20. Bxg7 Bc8 21. Bxf8 Bxf5 22. Bh6 Ne6 23. Be4 Bh3 24. Bg2 Bf5 25. Be4 Bh3 26. Rb1 Bxf1 27. Kxf1 Na6 28. Bxc6 Rd8 29. Rxb2 Nac5 30. Kg2 Nd4 31. Rd2 Nxc6 32. Re2 Nd4 33. Rd2 Nce6 34. Be3 Nf5 35. Rc2 Nxe3+ 36. fxe3 Rd7 37. Kf3 Rc7 38. Rd2 Kg7 39. Ke4 Kf6 40. h4 Nc5+ 41. Kf4 Re7 42. Rd6+ Re6 43. Rd4 b5 44. g4 Ke7 45. Rd5 Rc6 46. Rh5 h6 47. g5 hxg5+ 48. Kxg5 Ne6+ 49. Kg4 Rc4+ 50. Kf3 b4 51. Ra5 Rxh4 52. Rxa7+ Kf6 53. Rb7 Nc5 54. Rb6+ Ke5 55. Rb5 Kd5 56. Rb6 Kc4 57. Rf6 Rh2 58. Rxf7 Rxa2 59. e4 Ra1 60. Rf8 Rf1+ 0-1


[Site "https://www.chess.com"]

[Event "Titled Tuesday Blitz June 13 Early 2023"]
[White "Aarav Dengla"]
[Black "Yonal, Timur"]
[WhiteFideId "45059756"]
[BlackFideId "44115725"]
[WhiteElo "2288"]
[BlackElo "1966"]
[Result "1-0"]
[Round "6"]
[TimeControl "180+2"]
[Date "2023.06.13"]
[WhiteClock "0:00:08"]
[BlackClock "0:00:35"]
[Board "143"]

1. e4 c5 2. Nf3 d6 3. d4 cxd4 4. Nxd4 Nf6 5. Nc3 a6 6. Rg1 e5 7. Nb3 h5 8. Bg5 Be7 9. Be2 Be6 10. h3 Nbd7 11. Qd2 b5 12. a3 Rc8 13. g4 hxg4 14. hxg4 Rh2 15. Qd3 Qb6 16. Qg3 Rh8 17. Bxf6 gxf6 18. O-O-O a5 19. Nd5 Bxd5 20. Rxd5 a4 21. Nd2 b4 22. Nc4 Qc6 23. axb4 Nb6 24. Nxd6+ Bxd6 25. Bb5 Nxd5 26. Bxc6+ Rxc6 27. exd5 Rc4 28. Qd3 Rd4 29. Qa6 Ke7 30. Qb7+ Kf8 31. Qc6 Ke7 32. Qb7+ Kf8 33. b5 Kg7 34. Qc6 Bb4 35. c3 Bxc3 36. bxc3 Rd3 37. g5 Rhh3 38. gxf6+ Kh7 39. Kc2 Rdf3 40. Qd7 Rxc3+ 41. Kd2 Kh6 42. Qxf7 Rhd3+ 43. Ke2 Rd2+ 44. Kxd2 Rd3+ 45. Kxd3 e4+ 46. Kxe4 a3 47. Qg6# 1-0


[Site "https://www.chess.com"]

[Event "Titled Tuesday Blitz June 13 Early 2023"]
[White "Fernandez Siles, Luis"]
[Black "Sharapov, Evgeny"]
[WhiteFideId "2209420"]
[BlackFideId "14103133"]
[WhiteElo "2195"]
[BlackElo "2367"]
[Result "1-0"]
[Round "6"]
[TimeControl "180+2"]
[Date "2023.06.13"]
[WhiteClock "0:00:17"]
[BlackClock "0:00:01"]
[Board "144"]

1. d4 Nf6 2. c4 e6 3. Nf3 Bb4+ 4. Bd2 c5 5. g3 O-O 6. Bg2 Bxd2+ 7. Qxd2 cxd4 8. Nxd4 d5 9. cxd5 Nxd5 10. Nc3 Nxc3 11. Qxc3 Nd7 12. O-O Qb6 13. a4 a5 14. Nb5 Nf6 15. Rfd1 Bd7 16. Rd6 Qd8 17. Bxb7 Rb8 18. Bc6 Qe7 19. Bxd7 Ne4 20. Qc7 Nxd6 21. Nxd6 Rbd8 22. Qxa5 Rxd7 23. Nc4 Rc7 24. Rc1 Rfc8 25. b3 Rb7 26. Rc3 Qb4 27. Qxb4 Rxb4 28. Rd3 g6 29. h4 Rcb8 30. Nd2 Kf8 31. e4 Ke7 32. Kf1 Rc8 33. Ke2 Rc2 34. Ke3 Rb2 35. f4 h5 36. e5 Ra2 37. Rc3 Kd8 38. Kd3 Ra1 39. Ne4 Rd1+ 40. Ke2 Rb1 41. Nc5 Rb2+ 42. Kd3 Rg2 43. Rc4 Rxg3+ 44. Kd4 Rxc4+ 45. Kxc4 Rg4 46. a5 Rxh4 47. Kb5 Rxf4 48. a6 Kc7 49. a7 1-0


[Site "https://www.chess.com"]

[Event "Titled Tuesday Blitz June 13 Early 2023"]
[White "Bagwe Gaurang"]
[Black "FREDERICKtheMATE"]
[WhiteFideId "45039895"]
[WhiteElo "1847"]
[BlackElo "2359"]
[Result "1-0"]
[Round "6"]
[TimeControl "180+2"]
[Date "2023.06.13"]
[WhiteClock "0:02:13"]
[BlackClock "0:02:14"]
[Board "145"]

1. d4 Nf6 2. Nf3 e6 3. b3 d5 4. Bb2 c5 5. e3 Nc6 6. Bd3 b6 7. O-O Bb7 8. Ne5 Rc8 9. Nd2 Be7 10. f4 O-O 11. a3 Nxe5 12. fxe5 Ne4 13. Rf3 f5 14. Rh3 g6 15. Qe2 Bg5 16. Rf1 Kg7 17. Nf3 Qc7 18. Bxe4 fxe4 19. Nxg5 Rxf1+ 20. Qxf1 1-0


[Site "https://www.chess.com"]

[Event "Titled Tuesday Blitz June 13 Early 2023"]
[White "Mayaud, Raphael"]
[Black "Petukhov, Dmitry"]
[WhiteFideId "627151"]
[BlackFideId "4142748"]
[WhiteElo "2191"]
[BlackElo "2311"]
[Result "1/2-1/2"]
[Round "6"]
[TimeControl "180+2"]
[Date "2023.06.13"]
[WhiteClock "0:00:26"]
[BlackClock "0:00:25"]
[Board "146"]

1. d4 Nf6 2. Bg5 Ne4 3. Bf4 d5 4. e3 Bf5 5. Bd3 e6 6. f3 Nd6 7. Bxd6 Bxd6 8. Ne2 Qh4+ 9. g3 Qh3 10. Kf2 Nd7 11. Nbc3 Nf6 12. Qf1 Qh6 13. h4 c5 14. Bxf5 exf5 15. Nf4 cxd4 16. Qb5+ Nd7 17. exd4 Bxf4 18. Rae1+ Kd8 19. gxf4 Qxf4 20. Qxd5 Kc8 21. Re7 Rd8 22. Qxf7 Nf6 23. Nb5 Nd5 24. Re8 Qd2+ 25. Kg3 Qf4+ 26. Kf2 Qd2+ 27. Kg3 Qf4+ 28. Kf2 1/2-1/2


[Site "https://www.chess.com"]

[Event "Titled Tuesday Blitz June 13 Early 2023"]
[White "Hoffmann, Asa"]
[Black "Ladan, Nicholas"]
[WhiteFideId "2001470"]
[BlackFideId "30918855"]
[WhiteElo "2117"]
[BlackElo "2167"]
[Result "1-0"]
[Round "6"]
[TimeControl "180+2"]
[Date "2023.06.13"]
[WhiteClock "0:00:35"]
[BlackClock "0:00:00"]
[Board "147"]

1. d4 d5 2. Bg5 Nf6 3. Nd2 c5 4. e3 cxd4 5. exd4 Nc6 6. c3 Bf5 7. Qb3 e6 8. Qxb7 Rc8 9. Bb5 Qd7 10. Qxd7+ Kxd7 11. Ngf3 Bd6 12. Ne5+ Bxe5 13. dxe5 Ng4 14. Nf3 Rb8 15. a4 a6 16. Bxc6+ Kxc6 17. h3 Nh6 18. Bxh6 gxh6 19. Nd4+ Kc5 20. Nxf5 exf5 21. b4+ Kc4 22. Kd2 d4 23. Rac1 Rhd8 24. cxd4+ Kxd4 25. Rb1 Kxe5+ 26. Ke3 Rd4 27. Rhc1 Rdxb4 28. Rc5+ Kf6 29. Rc6+ Ke5 30. f4+ Kd5 31. Rxb4 Rxb4 32. Rxa6 Rb3+ 33. Kf2 Ke4 34. Rf6 Kxf4 35. Rxf7 Rb2+ 36. Kf1 Ra2 37. Rxh7 Ke3 38. Re7+ Kf4 39. Ra7 Ke3 40. Kg1 f4 41. a5 Ra1+ 42. Kh2 f3 43. Re7+ Kf2 44. Rf7 Rxa5 45. Rxf3+ Ke2 46. Rf6 h5 47. g4 hxg4 48. hxg4 Rg5 49. Kg3 Rg8 50. Kf4 Kf2 51. g5 Kg2 52. g6 Kh3 53. Kg5 Kg3 54. Rb6 Rh8 55. g7 Rg8 56. Rb3+ Kg2 57. Kg6 Kg1 58. Kf7 1-0


[Site "https://www.chess.com"]

[Event "Titled Tuesday Blitz June 13 Early 2023"]
[White "Sovetbekova, Nurai"]
[Black "Ronka, Erik"]
[WhiteFideId "13801910"]
[BlackFideId "505080"]
[WhiteElo "1857"]
[BlackElo "2264"]
[Result "0-1"]
[Round "6"]
[TimeControl "180+2"]
[Date "2023.06.13"]
[WhiteClock "0:00:00"]
[BlackClock "0:00:33"]
[Board "148"]

1. d4 Nf6 2. c4 e6 3. Nc3 Bb4 4. e3 O-O 5. Bd2 d5 6. Nf3 b6 7. cxd5 exd5 8. Bd3 a6 9. O-O Bb7 10. Ne5 Nbd7 11. f4 Bxc3 12. Bxc3 Ne4 13. Be1 f6 14. Nxd7 Qxd7 15. Bxe4 dxe4 16. Rc1 Bd5 17. a3 a5 18. Qc2 c6 19. b4 axb4 20. Bxb4 Rfc8 21. Qb2 h6 22. Rc2 b5 23. Rc5 Kh7 24. Qc2 Re8 25. Ra1 Bc4 26. a4 Bd3 27. Qd1 bxa4 28. Rxa4 Qb7 29. Ba5 Reb8 30. Kf2 Qb2+ 31. Kg3 Qb7 32. Rc3 Qf7 33. Qa1 Qg6+ 34. Kf2 Rb1 35. Qa2 Rab8 36. Bb4 R1xb4 37. Rxb4 Rxb4 38. Rxc6 Qg4 39. h3 Qh4+ 40. Kg1 Qg3 41. Rc1 Qxe3+ 0-1


[Site "https://www.chess.com"]

[Event "Titled Tuesday Blitz June 13 Early 2023"]
[White "Mrithyunjay Mahadevan"]
[Black "Gonzalez Vega, Alejandro"]
[WhiteFideId "45003521"]
[BlackFideId "3510042"]
[WhiteElo "1626"]
[BlackElo "2315"]
[Result "1-0"]
[Round "6"]
[TimeControl "180+2"]
[Date "2023.06.13"]
[WhiteClock "0:00:23"]
[BlackClock "0:00:28"]
[Board "149"]

1. e4 c5 2. Nf3 a6 3. c3 Nf6 4. e5 Nd5 5. d4 cxd4 6. Bc4 Nb6 7. Bb3 d5 8. cxd4 Bg4 9. O-O e6 10. Be3 Be7 11. Nbd2 Nc6 12. h3 Bh5 13. a3 Rc8 14. Rc1 O-O 15. Qe1 Bg6 16. Qe2 Na5 17. Ba2 Qd7 18. g4 Rxc1 19. Rxc1 Rc8 20. Qd1 Rc7 21. h4 h5 22. g5 Qc8 23. Rxc7 Qxc7 24. Ne1 Nac4 25. Qc1 Qc6 26. Nxc4 Nxc4 27. Ng2 Be4 28. Nf4 g6 29. Qc3 Qb5 30. Bxc4 Qxc4 31. Qxc4 dxc4 32. Ne2 b5 33. Kf1 b4 34. axb4 Bxb4 35. Nc3 Bd3+ 36. Ke1 a5 37. Kd1 a4 38. Nxa4 Kf8 39. Bd2 Be7 40. Bc3 Be4 41. Nb6 Bd3 42. Kd2 Bf1 43. Ke1 Bd3 44. Kd2 Bf1 45. Ba5 Ke8 46. Kc3 Bd8 47. Nxc4 Bxc4 48. Bxd8 Bd5 49. Ba5 Kd7 50. Kb4 Kc6 51. Bd8 Be4 52. Ka5 Bd3 53. b4 Kd5 54. b5 Kxd4 55. b6 Be4 56. Bc7 Bb7 57. Kb5 Ke4 58. Kc5 Kf3 59. Kd6 Kxf2 60. Ke7 Kg3 61. Kxf7 Kxh4 62. Kxg6 Kg4 63. Kf6 h4 64. g6 h3 65. g7 h2 66. g8=Q+ Kf4 67. Qg5+ Kf3 68. Qh5+ Kg2 69. Kxe6 h1=Q 70. Qxh1+ Kxh1 71. Kd7 Kg2 72. e6 Kf3 73. e7 Bc6+ 74. Kxc6 1-0


[Site "https://www.chess.com"]

[Event "Titled Tuesday Blitz June 13 Early 2023"]
[White "Hristodoulou, Panagiotis"]
[Black "Jiganchine, Roman"]
[WhiteFideId "4214340"]
[BlackFideId "2603667"]
[WhiteElo "2272"]
[BlackElo "2314"]
[Result "1-0"]
[Round "6"]
[TimeControl "180+2"]
[Date "2023.06.13"]
[WhiteClock "0:00:13"]
[BlackClock "0:00:05"]
[Board "150"]

1. e4 c6 2. d4 d5 3. e5 Bf5 4. Nf3 e6 5. Be2 Nd7 6. O-O h6 7. Re1 a6 8. Nbd2 Rc8 9. c4 Ne7 10. b3 Bh7 11. Bb2 Nf5 12. Bd3 Be7 13. Qc2 g6 14. Rac1 O-O 15. Bxf5 exf5 16. e6 Nf6 17. exf7+ Rxf7 18. Ne5 Rf8 19. Qd3 Ne4 20. f3 Nf6 21. Re2 g5 22. Rce1 f4 23. Qc3 Bd6 24. a4 a5 25. c5 Bc7 26. Nf1 Qe8 27. h3 Qh5 28. Nh2 Qh4 29. Nhg4 Nxg4 30. Nxg4 h5 31. Nh6+ Kg7 32. Re7+ Kxh6 33. R1e6+ Bg6 34. Qd3 Rg8 35. Bc1 g4 36. Rxc7 gxf3 37. Rxc8 Qe1+ 38. Rxe1 Bxd3 39. Rxg8 fxg2 40. Re7 1-0


[Site "https://www.chess.com"]

[Event "Titled Tuesday Blitz June 13 Early 2023"]
[White "Zaksaite, Salomeja"]
[Black "Baches Garcia, Guillermo"]
[WhiteFideId "12801496"]
[BlackFideId "2209764"]
[WhiteElo "2059"]
[BlackElo "2466"]
[Result "0-1"]
[Round "6"]
[TimeControl "180+2"]
[Date "2023.06.13"]
[WhiteClock "0:00:00"]
[BlackClock "0:00:15"]
[Board "151"]

1. d4 d5 2. e3 c5 3. dxc5 e6 4. Nf3 Bxc5 5. c4 Nf6 6. Nc3 O-O 7. cxd5 exd5 8. Be2 Nc6 9. O-O a6 10. a3 Qd6 11. Nd4 Bb6 12. g3 Bh3 13. Re1 Rad8 14. Bf3 Rfe8 15. Nxc6 bxc6 16. b4 d4 17. exd4 Rxe1+ 18. Qxe1 Bxd4 19. Bf4 Qe6 20. Qxe6 fxe6 21. Rc1 e5 22. Bg5 c5 23. bxc5 Bxc5 24. Nd5 Bxa3 25. Ra1 Bb2 26. Rb1 Bd4 27. Nxf6+ gxf6 28. Bxf6 Rc8 29. Bd5+ Kf8 30. Re1 Rc2 31. Kh1 Bxf2 32. Rb1 Bd4 33. Be4 Rc7 34. Bd5 Rc2 0-1


[Site "https://www.chess.com"]

[Event "Titled Tuesday Blitz June 13 Early 2023"]
[White "Palczert, Matyas"]
[Black "Afanasieva, Alexandra"]
[WhiteFideId "784958"]
[BlackFideId "34126926"]
[WhiteElo "2224"]
[BlackElo "1736"]
[Result "0-1"]
[Round "6"]
[TimeControl "180+2"]
[Date "2023.06.13"]
[WhiteClock "0:00:05"]
[BlackClock "0:00:03"]
[Board "152"]

1. e4 c5 2. Nf3 e6 3. d4 cxd4 4. Bg5 Qa5+ 5. c3 dxc3 6. Nxc3 Nc6 7. Be2 Bb4 8. Bd2 Qd8 9. Nb5 d5 10. exd5 exd5 11. Bxb4 Nxb4 12. a3 Nc6 13. Qxd5 Qxd5 14. Nc7+ Kf8 15. Nxd5 Nge7 16. Nc3 Bf5 17. O-O g6 18. Rad1 Kg7 19. Nb5 Rad8 20. Nd6 Be6 21. Nxb7 Rb8 22. Nc5 Rxb2 23. Nxe6+ fxe6 24. Bc4 e5 25. Rd7 Rd8 26. Nxe5 Nxe5 27. Rxe7+ Kf6 28. Re6+ Kf5 29. g4+ Nxg4 30. Re7 Ne5 31. Ba6 Rdd2 32. Rxa7 Ng4 33. Bc8+ Kg5 34. Ra5+ Kh4 35. Ra4 h5 36. Bxg4 hxg4 37. Ra6 Kg5 38. a4 Ra2 39. a5 Rd5 40. Re1 Raxa5 41. Rae6 Rf5 42. R1e2 Ra1+ 43. Kg2 Ra3 44. Rb6 Raf3 45. Rbb2 R3f4 46. Rb6 Rf6 47. Rb5+ R6f5 48. Rb7 Rf7 49. Rb3 R7f5 50. Rb6 Rf6 51. Rbb2 Rf3 52. Kg1 R3f5 53. Rb4 Rf4 54. Rb8 Rf8 55. Re5+ Kh4 56. Rb7 R4f7 57. Rb3 Rf5 58. Ree3 Kg5 59. Re4 Rxf2 60. Rb5+ Kh6 61. Ree5 Rf1+ 62. Kg2 R8f2+ 63. Kg3 Rf5 64. Kxg4 Rg1+ 65. Kh3 Rf3+ 66. Kh4 Rf4+ 67. Kh3 g5 68. Re6+ Kh5 69. Rb3 Rh4# 0-1


[Site "https://www.chess.com"]

[Event "Titled Tuesday Blitz June 13 Early 2023"]
[White "Vyatkin, Dmitry"]
[Black "Vila Dupla, Aurelio"]
[WhiteFideId "4171900"]
[BlackFideId "2203383"]
[WhiteElo "2279"]
[BlackElo "2009"]
[Result "1-0"]
[Round "6"]
[TimeControl "180+2"]
[Date "2023.06.13"]
[WhiteClock "0:00:24"]
[BlackClock "0:00:00"]
[Board "153"]

1. d4 Nf6 2. c4 g6 3. g3 c6 4. Bg2 d5 5. Nd2 Bg7 6. Ngf3 O-O 7. O-O Ne4 8. Qb3 Nxd2 9. Bxd2 dxc4 10. Qxc4 Be6 11. Qc2 Bd5 12. e4 Be6 13. Rfd1 Bg4 14. Bc3 Qd7 15. Rd3 Rd8 16. Rad1 Na6 17. R1d2 Nc7 18. Ne5 Bxe5 19. dxe5 Qe8 20. h3 Be6 21. f4 Bc4 22. Rd4 Bb5 23. a4 Ba6 24. f5 c5 25. Rxd8 Rxd8 26. e6 fxe6 27. b3 b5 28. Bb2 Rxd2 29. Qxd2 b4 30. Qf4 1-0


[Site "https://www.chess.com"]

[Event "Titled Tuesday Blitz June 13 Early 2023"]
[White "EdmundPlayer"]
[Black "Rios Escobar, Adan"]
[BlackFideId "3403645"]
[WhiteElo "2261"]
[BlackElo "2456"]
[Result "1/2-1/2"]
[Round "6"]
[TimeControl "180+2"]
[Date "2023.06.13"]
[WhiteClock "0:00:04"]
[BlackClock "0:00:05"]
[Board "154"]

1. e4 c5 2. Nf3 d6 3. d4 cxd4 4. Nxd4 Nf6 5. Nc3 a6 6. h3 e5 7. Nde2 h5 8. Bg5 Be6 9. Bxf6 Qxf6 10. Nd5 Qd8 11. Nec3 Nd7 12. Bc4 Qc8 13. Qe2 b5 14. Bb3 Qb7 15. O-O Rc8 16. Nd1 Nb6 17. N1e3 Be7 18. Nxe7 Kxe7 19. Rad1 Nc4 20. Bxc4 Bxc4 21. Nxc4 Rxc4 22. Rd5 Qc6 23. c3 Rc5 24. Rfd1 Rxd5 25. Rxd5 g6 26. Qe3 f6 27. Qa7+ Ke6 28. Qg7 Qe8 29. Qb7 Qc8 30. Qg7 Qe8 31. Qc7 Qd8 32. Qb7 Qc8 33. Qa7 Qc6 34. Qg7 Qe8 1/2-1/2


[Site "https://www.chess.com"]